 Dungeon Crawl Stone Soup version 0.28.0-43-g3370ac3207 (webtiles) character file.

Game seed: 18251757432041378727

3123 boopmooplesden the Protected (level 9, -1/79 HPs)
             Began as a Minotaur Fighter on Mar 8, 2022.
             Was a Priest of Okawaru.
             Succumbed to a killer bee's poison
             ... on level 7 of the Dungeon.
             The game lasted 00:12:10 (8335 turns).

boopmooplesden the Protected (Minotaur Fighter)     Turns: 8335, Time: 00:12:10

Health: -1/79      AC: 16    Str: 30    XL:     9   Next: 60%
Magic:  6/8        EV: 10    Int:  5    God:    Okawaru [***...]
Gold:   216        SH:  7    Dex: 11    Spells: 8/8 levels left

rFire   . . .      SeeInvis .   a - +1 trident (elec)
rCold   . . .      Faith    .   c - +0 buckler
rNeg    . . .      Spirit   .   j - +0 plate armour
rPois   .          Reflect  .   (helmet restricted)
rElec   .          Harm     .   (no cloak)
rCorr   .          Rampage  .   (no gloves)
Will    .....                   (no boots)
Stlth   ..........              (no amulet)
HPRegen 0.23/turn               l - +6 ring of strength
MPRegen 0.11/turn               (no ring)

@: lethally poisoned (-1 -> -24), heroic, attractive
A: horns 2, retaliatory headbutt
a: Renounce Religion, Heroism


You were on level 7 of the Dungeon.
You worshipped Okawaru.
Okawaru was most pleased with you.
You visited 1 branch of the dungeon, and saw 7 of its levels.

You collected 216 gold pieces.

Inventory:

Hand Weapons
 a - a +1 trident of electrocution (weapon)
 b - a +2 hunting sling of freezing
 i - a +2 hunting sling of freezing
Missiles
 h - 156 stones (quivered)
 n - 25 sling bullets
Armour
 c - a +0 buckler (worn)
 g - a +0 scale mail
 j - a +0 plate armour (worn)
Jewellery
 l - a +6 ring of strength (left hand)
 o - a ring of ice
 r - a ring of poison resistance
 x - a ring of willpower
Wands
 u - a wand of acid (7)
 y - a wand of flame (11)
Scrolls
 f - 2 scrolls of identify
 s - a scroll of holy word {unknown}
Potions
 d - 2 potions of might
 m - a potion of degeneration
 p - a potion of brilliance
 q - a potion of magic
 t - a potion of cancellation {unknown}
 v - a potion of flight {unknown}


   Skills:
 + Level 7.0(12.0) Fighting
 + Level 8.2(13.2) Polearms
 + Level 5.4(10.5) Slings
 + Level 1.0(8.2) Throwing
 + Level 9.4(14.4) Armour
 + Level 1.1(6.1) Dodging
 + Level 1.3(6.3) Stealth
 + Level 7.0(12.0) Shields
 + Level 1.2 Invocations


You had 8 spell levels left.
You didn't know any spells.
Your spell library contained the following spells:

 Spells                   Type           Power      Damage    Failure   Level
 Magic Dart               Conj           0%         1d3       98%         1
 Searing Ray              Conj           0%         2d4       99%         2
 Static Discharge         Conj/Air       0%         N/A       99%         2
 Dispel Undead            Necr           0%         3d6       100%        4
 Fulminant Prism          Conj/Hex       0%         3d6       100%        4
 Sticky Flame             Conj/Fire      0%         2d3       100%        4


Dungeon Overview and Level Annotations

Branches:
Dungeon (7/15)             Temple (0/1) D:5

Altars:
Ashenzari
Cheibriados
Fedhas
Gozag
Hepliaklqana
Okawaru
Vehumet
Wu Jian
Xom
Zin

Shops:
D:6 [   D:7 **[(


Innate Abilities, Weirdness & Mutations

You have a pair of horns on your head.
You reflexively headbutt those who attack you in melee.


Message History

The killer bee barely misses you. You furiously retaliate!
You headbutt the killer bee! The killer bee closely misses you.
You hit the killer bee but do no damage.
Lightning courses through the killer bee!
You kill the killer bee!
Okawaru accepts your kill.
You feel very sick. You block the killer bee's attack.
The killer bee stings you.
* * * LOW HITPOINT WARNING * * *
The howler monkey barely misses you.
The howler monkey hoots and howls with incredible vigour!
The howler monkey closely misses you. You furiously retaliate!
You headbutt the howler monkey!
You kill the howler monkey!
Okawaru accepts your kill.
Your base Shields skill increases to level 7!
You puncture the killer bee!
Lightning courses through the killer bee!
You kill the killer bee!
Okawaru accepts your kill.
* * * LOW HITPOINT WARNING * * *
You feel sick. You block the killer bee's attack.
You block the howler monkey skeleton's attack.
The howler monkey hits you.
* * * LOW HITPOINT WARNING * * *
You miss the killer bee.
* * * LOW HITPOINT WARNING * * *
You feel very sick. The killer bee stings you.
* * * LOW HITPOINT WARNING * * *
The howler monkey skeleton hits you but does no damage.
The killer bee stings you.
* * * LOW HITPOINT WARNING * * *
You are more poisoned.
The killer bee poisons you!
The howler monkey hoots and howls with incredible vigour!
It was a potion of attraction.
You feel attractive to monsters.
Your surroundings suddenly seem different.
You die...

#####........#.+(......+..#
.............'.#.≈...≈.#..#
.............#.#.≈._.≈.#..#
....)###'#####.#.≈...≈.#..#
...))#.........'.......+..#
.....#.........####'####..#
.....#......##...##.......#
.....#......##...##.......#
.....#########..@.........#
.............#............#
.............'............#
.............#...##.......#
.............#...##.......#
..^..........#....#....<..#
.............#....#.#.#...#
.............#....#.._....#
.............#....#.#.#...#


There were no monsters in sight!

Vanquished Creatures
  Pikel (D:6)
  A troll (D:6)
  Sigmund (D:6)
  Edmund (D:6)
  2 water moccasins (D:6)
  A black bear (D:7)
  An ice beast (D:5)
  An ogre (D:3)
  2 centaurs
  2 phantoms (D:6)
  A bullfrog (D:6)
  2 water moccasin zombies
  3 killer bees (D:7)
  2 howler monkeys
  2 bullfrog zombies (D:5)
  2 centaur zombies
  3 jellies
  A gnoll shaman (D:4)
  3 orc priests
  A bullfrog skeleton (D:6)
  A centaur skeleton (D:5)
  4 iguanas
  7 orc wizards
  A hound zombie (D:5)
  13 gnolls
  5 adders
  2 shadow imps (D:5)
  An ufetubus (D:6)
  5 dart slugs
  3 worms
  30 orcs
  7 ball pythons
  5 bats
  8 endoplasms
  2 giant cockroaches
  9 goblins
  5 hobgoblins
  10 jackals
  7 kobolds
  A quokka (D:2)
  2 frilled lizards (D:1)
  7 rats
168 creatures vanquished.

Vanquished Creatures (others)
  5 fungi (D:3)
  2 plants (D:3)
7 creatures vanquished.

Grand Total: 175 creatures vanquished

Notes
Turn   | Place    | Note
-------+----------+-------------------------------------------
     0 | D:1      | boopmooplesden the Minotaur Fighter began the quest for the
                  | Orb.
     0 | D:1      | Reached XP level 1. HP: 19/19 MP: 0/0
   156 | D:1      | Reached XP level 2. HP: 27/27 MP: 1/1
   409 | D:1      | Reached skill level 4 in Armour
   484 | D:1      | Reached XP level 3. HP: 11/33 MP: 2/2
  1084 | D:2      | Reached XP level 4. HP: 12/40 MP: 3/3
  1085 | D:2      | HP: 1/40 [gnoll/+0 flail (4)]
  2411 | D:3      | Noticed an ogre
  2483 | D:3      | Reached XP level 5. HP: 46/46 MP: 4/4
  2626 | D:3      | Reached skill level 1 in Slings
  2944 | D:3      | Found a radiant altar of Vehumet.
  3016 | D:3      | Reached skill level 5 in Armour
  3037 | D:3      | Found an iron altar of Okawaru.
  3234 | D:3      | Became a worshipper of Warmaster Okawaru
  3375 | D:3      | Found a blossoming altar of Fedhas.
  3628 | D:3      | Killed an ogre
  3629 | D:3      | Reached XP level 6. HP: 53/53 MP: 5/5
  3813 | D:3      | Found a snail-covered altar of Cheibriados.
  4563 | D:4      | Reached skill level 1 in Stealth
  4888 | D:4      | Reached skill level 5 in Shields
  4990 | D:4      | Reached skill level 6 in Armour
  4990 | D:4      | Reached XP level 7. HP: 60/60 MP: 6/6
  5245 | D:4      | Found a shimmering altar of Xom.
  5246 | D:4      | Found a hazy altar of Hepliaklqana.
  5247 | D:4      | Noticed a spectral ugly thing
  5665 | D:5      | Entered Level 5 of the Dungeon
  5672 | D:5      | Reached skill level 1 in Dodging
  5689 | D:5      | Reached * piety under Okawaru
  5710 | D:5      | Found a staircase to the Ecumenical Temple.
  5760 | D:5      | Found an opulent altar of Gozag.
  5839 | D:6      | Noticed Sigmund
  5851 | D:6      | Reached skill level 5 in Fighting
  5851 | D:6      | Reached skill level 5 in Polearms
  5870 | D:6      | HP: 2/61 [something (2)]
  5884 | D:6      | Killed Sigmund
  5885 | D:6      | Reached skill level 7 in Armour
  5885 | D:6      | Reached XP level 8. HP: 10/68 MP: 4/7
  6370 | D:6      | Reached skill level 5 in Slings
  6370 | D:6      | Reached skill level 1 in Throwing
  6550 | D:6      | Reached ** piety under Okawaru
  6836 | D:6      | Reached skill level 8 in Armour
  6954 | D:6      | Found a glowing silver altar of Zin.
  7063 | D:6      | Found Fojips's Antique Armour Shop.
  7063 | D:6      | Noticed Edmund
  7078 | D:6      | Killed Edmund
  7079 | D:6      | Noticed Pikel
  7093 | D:6      | Killed Pikel
  7093 | D:6      | Reached *** piety under Okawaru
  7094 | D:6      | Reached XP level 9. HP: 32/78 MP: 4/8
  7111 | D:6      | Noticed a troll
  7120 | D:6      | Killed a troll
  7383 | D:6      | Reached skill level 9 in Armour
  7586 | D:5      | Reached skill level 1 in Invocations
  7977 | D:7      | Found a broken altar of Ashenzari.
  7986 | D:7      | Found an ornate altar of the Wu Jian Council.
  7988 | D:7      | Received a gift from Okawaru
  8038 | D:7      | Found Qorhas's Antique Weapon Boutique.
  8047 | D:7      | Found Rimair's Antique Armour Boutique.
  8047 | D:7      | Found Pesuperr's General Store.
  8052 | D:7      | Found Peiwor's Assorted Antiques.
  8335 | D:7      | Succumbed to a killer bee's poison

Illustrated notes

Levels and vault maps discovered:
D:1:      dpeg_arrival_arbitrary_a, layout_basic
D:2:      layout_basic
D:3:      layout_basic, old_standard_altar, cheibrodos_worm_habitat,
          fedhas_altar_3, okawaru_altar_gauntlet_db
D:4:      cheibrodos_barr_body, layout_layer_cave,
          regret_index_temple_of_mockery
D:5:      layout_rooms, grunt_gozag_breadcrumbs, minmay_temple_entry_sparse_star
D:6:      minmay_klotski, layout_basic, lemuel_doored_altar, serial_shops, shop,
          chequers_mini_garden, lightli_orcish_oven, uniq_duvessa, uniq_pikel,
          uniq_edmund, uniq_sigmund
D:7:      layout_gridville, mainiacjoe_overflow_six_doors_small,
          ashenzari_altar_1, kennysheep_small_spiral, minmay_shop_grid_forest

Skill      XL: |  1  2  3  4  5  6  7  8  9 |
---------------+----------------------------+-----
Shields        | 4 5 6 7 |  7.0
Armour         | 4 5 6 7 8 9 |  9.4
Fighting       | 4 5 6 7 |  7.0
Polearms       | 3 4 5 6 8 |  8.2
Slings         | 2 3 4 5 |  5.4
Stealth        | 1 |  1.3
Dodging        | 1 |  1.1
Throwing       | 1 |  1.0
Invocations    | 1 |  1.2

Action                   |  1- 3 |  4- 6 |  7- 9 || total
-------------------------+-------+-------+-------++-------
Melee: Trident           |    63 |   111 |   205 ||   379
       Headbutt          |     7 |    14 |    33 ||    54
 Fire: Hunting sling     |       |    66 |    29 ||    95
Throw: Stone             |       |     3 |     1 ||     4
Invok: Heroism           |       |       |     5 ||     5
  Use: Potion            |       |     2 |     2 ||     4
       Scroll            |       |       |    10 ||    10
Armor: Scale mail        |    29 |    41 |     2 ||    72
       Plate armour      |       |       |   163 ||   163
Dodge: Dodged            |    40 |    63 |   108 ||   211
Block: Buckler           |    13 |    16 |    68 ||    97
